 Dungeon Crawl Stone Soup version 0.20.1-1-g8b1a95d (webtiles) character file.

7466 UrkaryOn the Destroyer (level 11, -5/72 HPs)
             Began as a Human Conjurer on Sept 8, 2017.
             Was a Believer of Qazlal.
             Slain by a komodo dragon (6 damage)
             ... on level 1 of the Lair of Beasts on Sept 10, 2017.
             The game lasted 04:55:55 (16588 turns).

UrkaryOn the Destroyer (Human Conjurer)            Turns: 16588, Time: 04:55:55

Health: -5/72      AC: 11    Str:  8    XL:     11   Next: 37%
Magic:  21/23      EV: 16    Int: 20    God:    Qazlal [**....]
Gold:   574        SH:  3    Dex: 13    Spells: 7/26 levels left

rFire    . . .     SeeInvis +   I - +2 hunting sling of the Equinox {venom, SInv}
rCold    . . .     Gourm    .   (no shield)
rNeg     . . .     Faith    .   H - +0 robe
rPois    .         Spirit   .   T - +2 hat
rElec    .         Reflect  .   e - +0 cloak
rCorr    .         Harm     .   (no gloves)
MR       .....                  C - +0 pair of boots
Stlth    ++........             (no amulet)
Regen    0.3/turn               x - ring of wizardry
MPRegen  0.2/turn               (no ring)

@: icy armour, about to teleport, slow
A: no striking features
a: Upheaval, Renounce Religion


You were on level 1 of the Lair of Beasts.
You worshipped Qazlal.
Qazlal was pleased with you.
You were not hungry.

You visited 3 branches of the dungeon, and saw 13 of its levels.

You collected 574 gold pieces.

Inventory:

Hand Weapons
 B - a +1 dagger of venom
 I - the +2 hunting sling of the Equinox (weapon) {venom, SInv}
   (You found it on level 6 of the Dungeon)

   It poisons the ammo it fires.
   It lets you see invisible.
 R - a +2 whip of freezing
 S - a +0 shortbow
Missiles
 i - 47 bolts
 t - 32 poisoned needles
 J - 38 sling bullets (quivered)
Armour
 e - a +0 cloak (worn)
 C - a +0 pair of boots (worn)
 H - a +0 robe (worn)
 P - the +3 scale mail "Xaptanij" {Int+6, unknown}
   (You took it off an orc on level 8 of the Dungeon)

   It affects your intelligence (+6).
 T - a +2 hat (worn)
 V - a +0 robe
 W - a +0 robe
Magical Staves
 K - an uncursed staff of cold {unknown}
Jewellery
 c - an uncursed ring of magical power {unknown}
 x - a ring of wizardry (left hand)
Wands
 f - a wand of random effects (13/48)
 n - a wand of paralysis (2/24)
 s - a wand of acid (12/15)
Scrolls
 g - a scroll of random uselessness {unknown}
 j - a scroll of magic mapping
 k - 2 scrolls of enchant armour
 l - a scroll of amnesia {unknown}
 v - 2 scrolls of fear
 w - a scroll of recharging {unknown}
 z - a scroll of enchant weapon {unknown}
 A - a scroll of immolation {unknown}
 D - a scroll of noise {unknown}
 E - 2 scrolls of fog {unknown}
 G - a scroll of brand weapon {unknown}
 U - a scroll of summoning {unknown}
Potions
 a - a potion of might {unknown}
 h - a potion of haste
 m - 2 potions of cancellation {unknown}
 o - a potion of invisibility {unknown}
 p - 2 potions of mutation {unknown}
 u - a potion of flight {unknown}
 F - a potion of resistance
 M - a potion of berserk rage {unknown}
 O - 3 potions of lignification {unknown}
 X - a potion of brilliance {unknown}
Books
 b - a book of Conjurations

   Spells                             Type                      Level
   a - Magic Dart                     Conjuration                  1
   b - Searing Ray                    Conjuration                  2
   c - Dazzling Spray                 Conjuration/Hexes            3
   d - Fulminant Prism                Conjuration/Hexes            4
   e - Force Lance                    Conjuration/Translocation    4
   f - Iskenderun's Mystic Blast      Conjuration                  4
 Z - a book of Frost

   Spells                             Type                      Level
   a - Freeze                         Ice                          1
   b - Throw Frost                    Conjuration/Ice              2
   c - Ozocubu's Armour               Charms/Ice                   3
   d - Throw Icicle                   Conjuration/Ice              4
   e - Summon Ice Beast               Ice/Summoning                4
Comestibles
 d - 4 meat rations
 q - 2 royal jellies
 L - 3 fruits


   Skills:
 + Level 2.2 Fighting
 - Level 1.9 Short Blades
 + Level 3.2(3.5) Slings
 + Level 2.0(2.9) Throwing
 * Level 7.4 Dodging
 + Level 4.7 Stealth
 + Level 8.3 Spellcasting
 * Level 11.0 Conjurations
 + Level 1.0 Hexes
 + Level 1.0 Invocations
 + Level 1.1 Evocations


You had 7 spell levels left.
You knew the following spells:

 Your Spells              Type           Power        Failure   Level  Hunger
a - Magic Dart            Conj           ####         1%          1    None
b - Searing Ray           Conj           ######       1%          2    None
c - Dazzling Spray        Conj/Hex       ####..       1%          3    None
d - Iskenderun's Mystic   Conj           ######..     1%          4    ###....
e - Ozocubu's Armour      Chrm/Ice       #.......     10%         3    None
f - Summon Ice Beast      Ice/Summ       #.......     32%         4    ###....
g - Throw Frost           Conj/Ice       ####..       1%          2    None


Dungeon Overview and Level Annotations

Branches:
Dungeon (10/15)            Temple (1/1) D:4            Lair (2/6) D:9
  Swamp: Lair:2-4    Shoals: Lair:2-4     Snake: Lair:2-4    Spider: Lair:2-4
    Orc: D:9-12

Altars:
Ashenzari
Cheibriados
Dithmenos
Fedhas
Makhleb
Nemelex Xobeh
Okawaru
Qazlal
Sif Muna
Trog
Uskayaw
Yredelemnul

Shops:
D:6 :

Annotations:
Lair:2 Gastronok


Message History

The blink frog closely misses you.
The blink frog hits you but does no damage.
The komodo dragon closely misses you. You block the blink frog's attack.
The blink frog hits you but does no damage.
The blink frog hits you.
The blink frog blinks!
The komodo dragon bites you!!
The blink frog blinks!
There is a stone staircase leading up, spattered with blood here.
The blink frog barely misses you.
The blink frog hits you but does no damage. x2
The blink frog hits you!
The blink frog blinks!
The komodo dragon bites you.
* * * LOW HITPOINT WARNING * * *
The blink frog hits you!
* * * LOW HITPOINT WARNING * * *
The blink frog barely misses you. x2
You climb upwards.
There is a stone staircase leading down here.
As you read the scroll of teleportation, it crumbles to dust.
You feel strangely unstable.
The blink frog hits the plant.
The blink frog blinks!
The komodo dragon bites you.
You die...

##..........#. .
####....#.....#.
..#######.##.....#'####.
........................
............###P###.#P..
#.#.#...#...# # ####..
......FF#...# #..
...##.#F#...## #.. ..
###@#....# #.. ##l#...##
##.. #P§....# #P..
##.....# ##.. #.#...#
###.. #.#...########P#..
#.#..........P....
F.#...............
+##...............


You could see a komodo dragon and 4 blink frogs.

Vanquished Creatures
  The ghost of Sanvar the Geomancer, a novice HuEE of Ashenzari (D:7)
  A two-headed ogre (D:9)
  Pikel (D:7)
  The ghost of Agnarh the Purveyor of Pain, a novice DENe of Kikubaaqudgha (D:4)
  A hippogriff (D:7)
  A wyvern (D:8)
  A vampire (D:10)
  A yak (D:9)
  2 porcupines (D:9)
  5 black bears
  2 sky beasts
  2 ice beasts (D:7)
  2 orc warriors (D:7)
  2 slaves (D:7)
  3 phantoms
  A necrophage (D:8)
  3 ogres
  4 centaurs
  A crocodile (D:9)
  Blork the orc (D:5)
  8 bullfrogs
  A wyvern skeleton (D:6)
  3 scorpions
  A killer bee (D:9)
  4 wights (D:7)
  A howler monkey (D:3)
  5 crimson imps
  2 bullfrog zombies (D:9)
  2 hounds
  3 jellies
  8 orc wizards
  9 orc priests
  A bullfrog skeleton (D:7)
  4 iguanas
  Ijyb (D:5)
  9 worker ants
  2 hound zombies
  A worker ant zombie (D:5)
  4 gnolls (D:6)
  8 adders
  3 shadow imps
  An ooze (D:4)
  An adder zombie (D:5)
  2 adder skeletons
  4 worms (D:2)
  2 dart slugs
  3 leopard geckos
  29 orcs
  A ball python (D:5)
  8 bats
  6 giant cockroaches
  15 goblins
  8 hobgoblins
  7 jackals
  11 kobolds
  2 quokkas
  8 frilled lizards
  4 leopard gecko skeletons
  10 rats
  2 plants
240 creatures vanquished.

Vanquished Creatures (collateral kills)
  A troll (D:9)
1 creature vanquished.

Vanquished Creatures (others)
  2 slaves (D:7)
  An orc wizard (D:7)
  15 fungi (D:9)
  6 plants (D:9)
24 creatures vanquished.

Grand Total: 265 creatures vanquished

Notes
Turn   | Place    | Note
-------+----------+-------------------------------------------
     0 | D:1      | UrkaryOn the Human Conjurer began the quest for the Orb.
     0 | D:1      | Reached XP level 1. HP: 13/13 MP: 3/3
     3 | D:1      | Noticed a minotaur skeleton
    13 | D:1      | Noticed a minotaur skeleton
    16 | D:1      | Noticed a minotaur skeleton
   298 | D:1      | Reached XP level 2. HP: 19/19 MP: 3/5
   508 | D:1      | Learned a level 2 spell: Searing Ray
  1248 | D:2      | Reached XP level 3. HP: 4/24 MP: 6/6
  1808 | D:2      | Reached XP level 4. HP: 23/30 MP: 3/8
  2763 | D:3      | Reached skill level 1 in Short Blades
  2763 | D:3      | Reached skill level 5 in Conjurations
  2763 | D:3      | Reached XP level 5. HP: 28/35 MP: 4/9
  3638 | D:3      | Reached XP level 6. HP: 42/42 MP: 5/11
  3738 | D:3      | Learned a level 3 spell: Dazzling Spray
  3743 | D:3      | Learned a level 4 spell: Iskenderun's Mystic Blast
  4320 | D:4      | Found a staircase to the Ecumenical Temple.
  4326 | Temple   | Entered the Ecumenical Temple
  4391 | Temple   | Became a worshipper of Qazlal Stormbringer
  4443 | D:5      | Entered Level 5 of the Dungeon
  4453 | D:4      | Noticed Agnarh's ghost (novice DENe)
  4461 | D:4      | Killed Agnarh's ghost
  4461 | D:4      | Reached XP level 7. HP: 38/47 MP: 3/12
  4937 | D:5      | Reached skill level 6 in Conjurations
  5634 | D:4      | Found a hide-covered altar of Uskayaw.
  6129 | D:5      | Reached XP level 8. HP: 53/53 MP: 7/15
  6635 | D:5      | Noticed Ijyb
  6751 | D:5      | Reached skill level 5 in Spellcasting
  6921 | D:5      | Killed Ijyb
  6995 | D:5      | Found a basalt altar of Yredelemnul.
  7185 | D:5      | Found a sparkling altar of Nemelex Xobeh.
  7283 | D:5      | Found a burning altar of Makhleb.
  7283 | D:5      | Found a blossoming altar of Fedhas.
  7288 | D:5      | Found a bloodstained altar of Trog.
  7293 | D:5      | Found a sparkling altar of Nemelex Xobeh.
  7295 | D:5      | Found a deep blue altar of Sif Muna.
  7366 | D:5      | Noticed Blork the orc
  7372 | D:5      | Killed Blork the orc
  7372 | D:5      | Reached * piety under Qazlal
  7372 | D:5      | Reached skill level 7 in Conjurations
  8751 | D:6      | Reached XP level 9. HP: 58/58 MP: 8/17
  9280 | D:6      | Got a slimy hunting sling
  9628 | D:6      | Found Pahaef's Book Shoppe.
  9920 | D:7      | Reached skill level 8 in Conjurations
  9979 | D:7      | Noticed Pikel
 10102 | D:7      | Reached skill level 1 in Throwing
 10102 | D:7      | Reached skill level 1 in Evocations
 10380 | D:7      | Identified the +2 hunting sling of the Equinox {venom, SInv} (You found it on level 6 of the Dungeon)
 10591 | D:7      | Reached ** piety under Qazlal
 10787 | D:7      | Killed Pikel
 10787 | D:7      | Reached skill level 1 in Fighting
 10787 | D:7      | Reached skill level 5 in Dodging
 10910 | D:7      | Noticed Sanvar's ghost (novice HuEE)
 11032 | D:7      | Reached skill level 9 in Conjurations
 11032 | D:7      | Reached skill level 1 in Hexes
 11203 | D:7      | Reached XP level 10. HP: 58/65 MP: 12/19
 11643 | D:7      | Reached skill level 1 in Slings
 12494 | D:7      | Killed Sanvar's ghost
 13054 | D:8      | Got an opal-encrusted scale mail
 13082 | D:8      | Reached skill level 10 in Conjurations
 13507 | D:9      | Reached *** piety under Qazlal
 13666 | D:8      | Found a burning altar of Makhleb.
 14306 | D:9      | Reached XP level 11. HP: 60/72 MP: 13/22
 15137 | D:9      | Noticed a two-headed ogre
 15149 | D:9      | Killed a two-headed ogre
 15430 | D:9      | Reached skill level 1 in Invocations
 15546 | D:9      | Found a staircase to the Lair.
 15709 | Lair:1   | Entered Level 1 of the Lair of Beasts
 15772 | D:9      | Reached skill level 11 in Conjurations
 15845 | D:10     | Entered Level 10 of the Dungeon
 16462 | Lair:1   | Learned a level 3 spell: Ozocubu's Armour
 16467 | Lair:1   | Learned a level 4 spell: Summon Ice Beast
 16470 | Lair:1   | Learned a level 2 spell: Throw Frost
 16476 | Lair:2   | Noticed Gastronok
 16476 | Lair:2   | Noticed a five-headed hydra
 16586 | Lair:2   | HP: 1/72 [blink frog (16)]
 16588 | Lair:1   | Slain by a komodo dragon

Skill      XL: |  1  2  3  4  5  6  7  8  9 10 11 |
---------------+----------------------------------+-----
Short Blades   | 1 |  1.9
Spellcasting   | 3 4 5 6 7 8 |  8.3
Conjurations   | 5 6 7 9 10 11 | 11.0
Stealth        | 3 4 |  4.7
Dodging        | 3 4 5 6 7 |  7.4
Throwing       | 2 |  2.0
Evocations     | 1 |  1.1
Fighting       | 1 2 |  2.2
Hexes          | 1 |  1.0
Slings         | 2 3 |  3.2
Invocations    | 1 |  1.0

Action                   |  1- 3 |  4- 6 |  7- 9 | 10-12 || total
-------------------------+-------+-------+-------+-------++-------
Melee: Dagger            |    36 |     3 |       |       ||    39
       Quarterstaff      |       |       |    36 |       ||    36
       Whip              |       |       |       |    39 ||    39
 Fire: Blowgun           |       |       |     4 |       ||     4
       Hunting sling     |       |       |     3 |    30 ||    33
 Cast: Magic Dart        |    60 |    83 |   186 |   174 ||   503
       Searing Ray       |     1 |     9 |    41 |    37 ||    88
       Iskenderun's Myst |       |     1 |    15 |     7 ||    23
       Dazzling Spray    |       |       |     8 |     8 ||    16
       Ozocubu's Armour  |       |       |       |     3 ||     3
Invok: Upheaval          |       |       |       |     4 ||     4
       Elemental Force   |       |       |       |     1 ||     1
Evoke: Wand              |       |     1 |     3 |     1 ||     5
  Use: Scroll            |     1 |     5 |     9 |     2 ||    17
       Potion            |       |     2 |     1 |     2 ||     5
  Eat: Chunk             |     4 |     3 |     4 |    10 ||    21
       Bread ration      |       |     2 |     1 |     1 ||     4
       Royal jelly       |       |       |     4 |       ||     4
       Fruit             |       |       |     2 |     1 ||     3
       Meat ration       |       |       |     1 |       ||     1
Armor: Robe              |    10 |     7 |    14 |    24 ||    55
Dodge: Dodged            |    28 |    13 |    72 |   102 ||   215
Block: Other             |       |       |     3 |    20 ||    23
